[Event "ICC tourney 2556 (25 5)"]
[Site "Internet Chess Club"]
[Date "2021.05.09"]
[Round "7"]
[White "XIA, RUOXIAO:K05-16025390"]
[Black "UEZU, AUSTIN:K05-16532086"]
[Result "1-0"]
[ICCResult "Black checkmated"]
[WhiteElo "1921"]
[BlackElo "1196"]
[Opening "Grünfeld: modern exchange variation"]
[ECO "D85"]
[NIC "GI.03"]
[Time "15:31:03"]
[PlyCount "113"]
[TimeControl "1500+5"]

1. d4 Nf6 2. c4 g6 3. Nc3 d5 4. cxd5 Nxd5 5. Nf3 Bg7 6. e4 Nxc3 7. bxc3 c5
8. Be3 O-O 9. Be2 Nc6 10. O-O Bg4 11. d5 Ne5 12. Rb1 Nxf3+ 13. Bxf3 Bxf3
14. Qxf3 b6 15. c4 Qd6 16. Rbd1 Rfd8 17. Bf4 Qf6 18. e5 Qf5 19. d6 exd6 20.
exd6 g5 21. Bg3 Qxf3 22. gxf3 Rd7 23. Rfe1 Rad8 24. Rd5 h6 25. Re7 Bf8 26.
a4 Bxe7 27. dxe7 Rxd5 28. cxd5 Re8 29. d6 f5 30. d7 Kf7 31. d8=Q Rxe7 32.
Qd5+ Re6 33. Qxf5+ Ke7 34. Qh7+ Kf6 35. Qxh6+ Kf5 36. Qh3+ Kf6 37. Qh8+ Kf5
38. Qh7+ Kf6 39. Qxa7 c4 40. Qc7 Kf5 41. Qxc4 Kf6 42. f4 g4 43. f5 Kxf5 44.
Qf4+ Kg6 45. Qxg4+ Kf6 46. Bh4+ Ke5 47. Qxe6+ Kxe6 48. Bd8 b5 49. axb5 Kd6
50. b6 Kc6 51. h4 Kb7 52. h5 Kc6 53. h6 Kb7 54. h7 Kc6 55. h8=Q Kb7 56.
Qh7+ Kc8 57. Qc7# { Black checkmated } 1-0

[Event "ICC tourney 2556 (25 5)"]
[Site "Internet Chess Club"]
[Date "2021.05.09"]
[Round "7"]
[White "QIAO, EVELYN:K05-16026633"]
[Black "HAN WU, SEAN:K05-16802870"]
[Result "1/2-1/2"]
[ICCResult "Game drawn by mutual agreement"]
[WhiteElo "1575"]
[BlackElo "1046"]
[Opening "Sicilian: accelerated fianchetto, modern variation"]
[ECO "B34"]
[NIC "SI.33"]
[Time "15:30:08"]
[PlyCount "76"]
[TimeControl "1500+5"]

1. e4 c5 2. Nf3 Nc6 3. d4 cxd4 4. Nxd4 g6 5. Nc3 Bg7 6. Be3 Nf6 7. Nxc6
bxc6 8. Bc4 O-O 9. O-O Qc7 10. h3 d6 11. Qd2 Bd7 12. Rad1 Rfe8 13. Bh6 Rad8
14. Bxg7 Kxg7 15. Rfe1 Qc8 16. Kh2 Be6 17. Bb3 Bxb3 18. axb3 c5 19. Nd5
Nxd5 20. exd5 Qf5 21. Re2 Qf6 22. c4 Rb8 23. Qd3 Rb7 24. Ra1 Reb8 25. Ra3
Kf8 26. Qc2 Qf4+ 27. Kg1 Qd4 28. Re4 Qf6 29. Re3 Kg7 30. Qb1 Qd4 31. Qc2
Qf6 32. Kf1 Kf8 33. Qb1 Qd4 34. Ke2 Kg7 35. Qa2 Ra8 36. Ra4 Qf6 37. Rf3
Qe5+ 38. Re3 Qf6 { Game drawn by mutual agreement } 1/2-1/2

[Event "ICC tourney 2556 (25 5)"]
[Site "Internet Chess Club"]
[Date "2021.05.09"]
[Round "7"]
[White "SI YUAN SHEN, DANIEL:K05-30129382"]
[Black "PANDE, RAYANSH:K05-16097942"]
[Result "0-1"]
[ICCResult "White resigns"]
[WhiteElo "791"]
[BlackElo "1097"]
[Opening "Four knights: Scotch variation"]
[ECO "C47"]
[NIC "KP.06"]
[Time "15:32:01"]
[PlyCount "174"]
[TimeControl "1500+5"]

1. e4 e5 2. Nf3 Nc6 3. Nc3 Nf6 4. d4 Be7 5. dxe5 Ng4 6. Nd2 Ngxe5 7. Nf3
O-O 8. Nxe5 Nxe5 9. Bf4 Bf6 10. Bxe5 Bxe5 11. Bd3 b6 12. O-O Bb7 13. Re1
Qh4 14. h3 Bd4 15. Qe2 Qg5 16. Nd5 c6 17. Ne3 Bxb2 18. Rab1 Bc3 19. Rf1 Bd4
20. Ng4 c5 21. e5 d6 22. exd6 h5 23. Ne3 Bxe3 24. fxe3 Rad8 25. Rbd1 Bd5
26. Bc4 Rxd6 27. Bxd5 Rxd5 28. Rxd5 Qxd5 29. c4 Qe5 30. e4 Re8 31. a4 Qd4+
32. Kh1 Re5 33. Rf5 g6 34. Rxe5 Qxe5 35. h4 Qa1+ 36. Kh2 Qxa4 37. g4 Qc6
38. gxh5 gxh5 39. e5 Qg6 40. Qa2 a5 41. Qb2 Qc6 42. Kg1 Qg6+ 43. Kf2 Qe6
44. Qe2 Qf5+ 45. Ke1 a4 46. Qg2+ Qg6 47. Qa8+ Kg7 48. Qxa4 Qe4+ 49. Kd2
Qd4+ 50. Kc2 Qf2+ 51. Kd3 Qd4+ 52. Ke2 Qxe5+ 53. Kd3 Qg3+ 54. Ke4 Qxh4+ 55.
Kd5 Qd4+ 56. Kc6 h4 57. Kxb6 h3 58. Qa8 Qb2+ 59. Kxc5 Qf2+ 60. Kb5 h2 61.
Qa1+ Qf6 62. Qh1 Qe5+ 63. c5 Qb8+ 64. Kc4 Qf4+ 65. Kb5 Qf2 66. Qa1+ f6 67.
Qa7+ Kg6 68. Qa1 Qg1 69. Qxg1+ hxg1=Q 70. c6 Qc1 71. Kb6 f5 72. c7 Qxc7+
73. Kxc7 f4 74. Kd6 f3 75. Ke5 f2 76. Ke4 f1=Q 77. Kd5 Qf4 78. Kc5 Kf5 79.
Kd5 Qe4+ 80. Kc5 Ke5 81. Kb5 Qd4 82. Kc6 Qd5+ 83. Kc7 Kd4 84. Kb6 Kc4 85.
Kc7 Kc5 86. Kc8 Kc6 87. Kb8 Qd7 { White resigns } 0-1

[Event "ICC tourney 2556 (25 5)"]
[Site "Internet Chess Club"]
[Date "2021.05.09"]
[Round "7"]
[White "WU, MATTHEW:K05-16720313"]
[Black "AHAN, ADHRIT:K05-16292172"]
[Result "1/2-1/2"]
[ICCResult "Game drawn by mutual agreement"]
[WhiteElo "951"]
[BlackElo "718"]
[Opening "Scotch opening"]
[ECO "C44"]
[NIC "KP.10"]
[Time "15:30:56"]
[PlyCount "65"]
[TimeControl "1500+5"]

1. e4 e5 2. Nf3 Nc6 3. d4 d6 4. dxe5 dxe5 5. Qxd8+ Nxd8 6. Nxe5 Bb4+ 7. c3
Bd6 8. Nf3 Nf6 9. Bd3 O-O 10. e5 Re8 11. Bf4 Nc6 12. O-O Nxe5 13. Nxe5 Bxe5
14. Bxe5 Rxe5 15. Nd2 b6 16. Nf3 Rd5 17. Bc4 Rc5 18. Rad1 Bb7 19. Bb3 h6
20. Nd4 Rg5 21. g3 Re8 22. Rfe1 c5 23. Nb5 Ra8 24. Nd6 Bd5 25. Bxd5 Nxd5
26. Re8+ Rxe8 27. Nxe8 Re5 28. c4 Nb4 29. Nd6 Nxa2 30. Ra1 Nb4 31. Rxa7
Re1+ 32. Kg2 Nd3 33. Rxf7 { Game drawn by mutual agreement } 1/2-1/2

[Event "ICC tourney 2556 (25 5)"]
[Site "Internet Chess Club"]
[Date "2021.05.09"]
[Round "7"]
[White "YOU, ANDREW:K05-17094697"]
[Black "KRISHNAN, SHREYANK:K05-16258876"]
[Result "1/2-1/2"]
[ICCResult "Game drawn by repetition"]
[WhiteElo "1090"]
[BlackElo "1486"]
[Opening "English: four knights, Capablanca variation"]
[ECO "A22"]
[NIC "EO.07"]
[Time "15:32:33"]
[PlyCount "105"]
[TimeControl "1500+5"]

1. c4 e5 2. Nc3 Nf6 3. d3 Nc6 4. Nf3 Bb4 5. Bd2 O-O 6. g3 d6 7. Bg2 Re8 8.
O-O Bf5 9. Qc1 h6 10. Re1 Kh7 11. Nh4 Bg4 12. h3 Be6 13. a3 Ba5 14. b4 Bb6
15. Rb1 Qd7 16. a4 a6 17. b5 axb5 18. axb5 Ne7 19. Bxb7 Rab8 20. Bg2 Bxh3
21. Kh2 Bxg2 22. Kxg2 Qg4 23. Be3 Ba5 24. Ra1 Bxc3 25. Qxc3 Ng6 26. Nxg6
Qxg6 27. Ra7 Rbc8 28. Rea1 d5 29. cxd5 Nxd5 30. Qd2 e4 31. d4 f5 32. Rb7
Nb6 33. Raa7 Nd5 34. Bf4 Re7 35. Qc1 Nxf4+ 36. Qxf4 Qf7 37. Qc1 Qd5 38. b6
e3+ 39. f3 Qd7 40. Rxc7 Rxc7 41. Rxc7 Qd6 42. Rxe7 Qxe7 43. Qc7 Qb4 44. b7
Qe1 45. b8=Q Qf2+ 46. Kh1 Qf1+ 47. Kh2 Qxe2+ 48. Kh3 Qf1+ 49. Kh2 Qf2+ 50.
Kh3 Qf1+ 51. Kh2 Qf2+ 52. Kh3 Qf1+ 53. Kh2 { Game drawn by repetition }
1/2-1/2

[Event "ICC tourney 2556 (25 5)"]
[Site "Internet Chess Club"]
[Date "2021.05.09"]
[Round "7"]
[White "ARISTA, DANYA:K05-16268653"]
[Black "PALAVALASA, YATHIN:K05-16801353"]
[Result "1-0"]
[ICCResult "Black checkmated"]
[WhiteElo "421"]
[BlackElo "825"]
[Opening "Three knights game"]
[ECO "C46"]
[NIC "KP.06"]
[Time "15:31:16"]
[PlyCount "111"]
[TimeControl "1500+5"]

1. e4 e5 2. Nf3 Nc6 3. Nc3 Bc5 4. Bc4 d6 5. O-O Bg4 6. d3 Nd4 7. Bb5+ c6 8.
Bg5 Nf6 9. Bc4 h6 10. Be3 Nxf3+ 11. Kh1 Nd4 12. Qd2 Bb4 13. a3 Ba5 14. Rac1
Qb6 15. b4 Bxb4 16. axb4 Qxb4 17. Rb1 Qa5 18. Rxb7 Kf8 19. Rxf7+ Kg8 20.
Rxf6+ Kh7 21. Rf7 Kg6 22. h3 Be6 23. Bxe6 Nxe6 24. Rf3 Raf8 25. Rg3+ Kf7
26. Rf3+ Ke7 27. Rg3 d5 28. exd5 cxd5 29. Nxd5+ Qxd5 30. c4 Qd7 31. Qb4+
Ke8 32. Qb8+ Ke7 33. Qb4+ Ke8 34. c5 Qc6 35. Qb8+ Ke7 36. Qxa7+ Qc7 37. Qa3
Qc6 38. Rc1 Ra8 39. Qb3 Rab8 40. Qc4 Rhd8 41. Rg6 Qd5 42. Qh4+ Kf7 43. Rg3
Qxd3 44. Rf3+ Kg8 45. Qg4 Qd7 46. Rg3 Rf8 47. Bxh6 Rf7 48. c6 Qe7 49. c7
Rc8 50. Rc6 Rxc7 51. Rxe6 Qd7 52. Re8+ Kh7 53. Qe4+ g6 54. Qxe5 Rc1+ 55.
Bxc1 Qf5 56. Qh8# { Black checkmated } 1-0

[Event "ICC tourney 2556 (25 5)"]
[Site "Internet Chess Club"]
[Date "2021.05.09"]
[Round "7"]
[White "KESIREDDY, SAIKARUNYA:K05-16974321"]
[Black "J WILLIAMS, CHRISTOPHER:K05-16250362"]
[Result "1-0"]
[ICCResult "Black resigns"]
[WhiteElo "880"]
[BlackElo "1519"]
[Opening "Caro-Kann defense"]
[ECO "B10"]
[NIC "CK.01"]
[Time "15:30:25"]
[PlyCount "121"]
[TimeControl "1500+5"]

1. e4 c6 2. Nf3 d5 3. exd5 cxd5 4. d4 e6 5. Bd3 Nf6 6. O-O Bd6 7. h3 O-O 8.
c4 h6 9. Nc3 dxc4 10. Bxc4 a6 11. a4 Qc7 12. Bd3 Nc6 13. Be3 Nb4 14. Rc1
Nxd3 15. Qxd3 Qe7 16. Rfe1 b6 17. d5 Nxd5 18. Nxd5 exd5 19. Bxh6 Qf6 20.
Bg5 Qf5 21. Qxf5 Bxf5 22. Rc6 Bc5 23. Be7 Bxe7 24. Rxe7 b5 25. a5 Be4 26.
Ng5 Bg6 27. Rd6 Rfd8 28. Red7 Rdc8 29. Rxd5 Kf8 30. f4 Bb1 31. Rxf7+ Kg8
32. Rdd7 Rf8 33. Rxg7+ Kh8 34. g3 Rac8 35. Rc7 Rcd8 36. Rgd7 Rde8 37. Nf7+
Kg8 38. Ne5 Rc8 39. h4 Rce8 40. h5 Re6 41. Rg7+ Kh8 42. Ng6+ Bxg6 43. hxg6
Rfe8 44. Rh7+ Kg8 45. Rcg7+ Kf8 46. Rf7+ Kg8 47. Rhg7+ Kh8 48. Kh2 Re2+ 49.
Kh3 Rxb2 50. Kg4 Rc2 51. Kg5 b4 52. Rb7 b3 53. Rh7+ Kg8 54. Rxb3 Rc5+ 55.
f5 Rce5 56. Rbb7 Re1 57. f6 R8e5+ 58. Kf4 R1e4+ 59. Kf3 Re3+ 60. Kg2 Re2+
61. Kh3 { Black resigns } 1-0

[Event "ICC tourney 2556 (25 5)"]
[Site "Internet Chess Club"]
[Date "2021.05.09"]
[Round "7"]
[White "JAVERI, RIAAN:K05-16378238"]
[Black "AWAD, STEELO:K05-16554876"]
[Result "1-0"]
[ICCResult "Black checkmated"]
[WhiteElo "1417"]
[BlackElo "876"]
[Opening "Pirc: classical (two knights) system"]
[ECO "B08"]
[NIC "PU.10"]
[Time "15:30:36"]
[PlyCount "133"]
[TimeControl "1500+5"]

1. e4 d6 2. d4 Nf6 3. Nc3 g6 4. Nf3 Bg7 5. Bg5 Bg4 6. h3 Bxf3 7. Qxf3 Nc6
8. Bb5 O-O 9. O-O Nxd4 10. Qd3 Nxb5 11. Nxb5 c6 12. Nc3 Nd7 13. f4 f6 14.
Bh4 Qe8 15. f5 g5 16. Bg3 Rc8 17. h4 g4 18. Qe2 h5 19. Qc4+ Qf7 20. Qd3
Rfd8 21. Ne2 Ne5 22. Qb3 b5 23. Nf4 a5 24. Nxh5 Nc4 25. Nf4 Nd2 26. Qxf7+
Kxf7 27. Rfe1 Bh6 28. Ne6 Re8 29. b3 c5 30. h5 c4 31. Nf4 c3 32. Nd5 Rh8
33. a4 bxa4 34. Rxa4 Rc5 35. Bf2 Rb5 36. Nxc3 Re5 37. Bd4 Bf4 38. Bxe5 Bxe5
39. Nd5 Rxh5 40. Rxa5 Bd4+ 41. Ne3 Nxe4 42. Ra4 Bc3 43. Rd1 Nd2 44. Nd5
Nf3+ 45. gxf3 gxf3 46. Nxc3 Rxf5 47. Rf1 e5 48. Ra6 Rg5+ 49. Kf2 Rf5 50.
Ke1 Ke6 51. Ne4 Kf7 52. Nxd6+ Kg6 53. Nxf5 Kxf5 54. Rxf3+ Ke4 55. Rfxf6 Kd4
56. Rf5 Kc3 57. Rxe5 Kxc2 58. Ra4 Kb2 59. Kf2 Kc3 60. Re3+ Kb2 61. Rd4 Ka3
62. b4+ Ka4 63. b5+ Ka5 64. b6 Ka6 65. b7 Ka5 66. b8=Q Ka6 67. Ra3# { Black
checkmated } 1-0

[Event "ICC tourney 2556 (25 5)"]
[Site "Internet Chess Club"]
[Date "2021.05.09"]
[Round "7"]
[White "WANG, YOURAN:K05-16488667"]
[Black "RAJASEKHARA, CHAMESH:K05-16661211"]
[Result "1-0"]
[ICCResult "Black checkmated"]
[WhiteElo "1553"]
[BlackElo "972"]
[Opening "Sicilian defense"]
[ECO "B41"]
[NIC "SI.43"]
[Time "15:30:52"]
[PlyCount "101"]
[TimeControl "1500+5"]

1. e4 c5 2. Nf3 e6 3. d4 Nc6 4. d5 exd5 5. exd5 Nce7 6. d6 Nc6 7. Qe2+ Nce7
8. dxe7 Bxe7 9. Nc3 Nf6 10. Qd1 O-O 11. Bc4 d6 12. O-O Bf5 13. Nd5 Re8 14.
Be3 Rb8 15. Nxe7+ Rxe7 16. Bd3 Bg4 17. h3 Be6 18. Bf4 h6 19. Bxd6 Rd7 20.
Bxc5 b6 21. Be3 Bc4 22. Qe2 Bxd3 23. cxd3 Rxd3 24. Rad1 Rxd1 25. Qxd1 Qe7
26. Qe2 Re8 27. Qc2 Qb7 28. Rc1 Qa6 29. Qc4 Qb7 30. Rf1 Rc8 31. Qb3 Ne4 32.
Rc1 Re8 33. Bd4 Nd6 34. Qc3 Rc8 35. Qd2 Ne4 36. Rxc8+ Qxc8 37. Qe3 Nd6 38.
Qe5 Ne8 39. Bc3 Nf6 40. Qg3 Ne8 41. Qg4 Qd8 42. Nh4 Kf8 43. Nf5 f6 44. Qg6
Qd1+ 45. Kh2 Qd8 46. Bb4+ Kg8 47. Nxh6+ Kh8 48. Nf7+ Kg8 49. Nxd8 Nc7 50.
Bf8 Nd5 51. Qxg7# { Black checkmated } 1-0

[Event "ICC tourney 2556 (25 5)"]
[Site "Internet Chess Club"]
[Date "2021.05.09"]
[Round "7"]
[White "CAO, EVAN:K05-16823573"]
[Black "ZHANG, KYLIE:K05-16733661"]
[Result "1-0"]
[ICCResult "Black checkmated"]
[WhiteElo "1025"]
[BlackElo "1453"]
[Opening "Sicilian: Pelikan (Lasker/Sveshnikov) variation"]
[ECO "B33"]
[NIC "SI.35"]
[Time "15:31:17"]
[PlyCount "119"]
[TimeControl "1500+5"]

1. e4 c5 2. Nf3 Nc6 3. d4 cxd4 4. Nxd4 Nf6 5. Nc3 e5 6. Nb3 Bb4 7. Bd2 Bxc3
8. Bxc3 Nxe4 9. Qg4 Ng5 10. O-O-O d5 11. Qe2 Ne4 12. Qf3 O-O 13. Be1 Be6
14. Bd3 Nf6 15. Qe2 Rc8 16. f3 Qc7 17. h4 e4 18. Bb5 a6 19. Bxc6 Qxc6 20.
Nd4 Qd6 21. fxe4 Nxe4 22. Nxe6 Qxe6 23. Qh5 Qc6 24. c3 Rfd8 25. Rf1 Qe6 26.
Qf3 h6 27. h5 Rd7 28. Bh4 d4 29. Rfe1 f5 30. Kb1 dxc3 31. Rxd7 Qxd7 32. Ka1
Qd2 33. bxc3 Qxe1+ 34. Bxe1 Rc5 35. Qf4 Nxc3 36. Bxc3 Rxc3 37. Qb8+ Kh7 38.
Qxb7 Rc1+ 39. Kb2 Rc5 40. Qxa6 Re5 41. a4 f4 42. Qd3+ Kg8 43. a5 Rxa5 44.
Qd8+ Kf7 45. Qxa5 Kf6 46. Kc3 f3 47. gxf3 g5 48. hxg6 Kxg6 49. Kd4 h5 50.
Ke4 h4 51. Kf4 h3 52. Qg5+ Kf7 53. Qh6 h2 54. Qxh2 Kf6 55. Qh6+ Ke7 56. Ke5
Kf7 57. Qf6+ Kg8 58. Qe7 Kh8 59. Kf6 Kg8 60. Qg7# { Black checkmated } 1-0

[Event "ICC tourney 2556 (25 5)"]
[Site "Internet Chess Club"]
[Date "2021.05.09"]
[Round "7"]
[White "METZMAKER, SUYA:K05-16458411"]
[Black "B KASHYAP, MAHATI:K05-16792961"]
[Result "1-0"]
[ICCResult "Black resigns"]
[WhiteElo "1618"]
[BlackElo "1033"]
[Opening "Sicilian"]
[ECO "B56"]
[NIC "SI.25"]
[Time "15:31:09"]
[PlyCount "99"]
[TimeControl "1500+5"]

1. e4 c5 2. Nf3 d6 3. d4 cxd4 4. Nxd4 Nf6 5. Nc3 Nc6 6. f3 e6 7. Be3 Be7 8.
Bc4 O-O 9. Qd2 a6 10. O-O-O Bd7 11. Kb1 Rc8 12. a3 b5 13. Bb3 Ne5 14. Bf4
Nc4 15. Bxc4 Rxc4 16. Nb3 Qc8 17. Bxd6 Bxd6 18. Qxd6 Rc6 19. Qd3 Qc7 20. g4
h6 21. h4 Rc8 22. g5 hxg5 23. hxg5 Nxe4 24. fxe4 Be8 25. e5 Qxe5 26. Qh7+
Kf8 27. Qh8+ Ke7 28. Rh7 Qxg5 29. Qxg7 Qf5 30. Rhh1 Rd6 31. Rhg1 Rxd1+ 32.
Rxd1 Rd8 33. Rxd8 Kxd8 34. Qg3 Ke7 35. Qd3 Qxd3 36. cxd3 Kd6 37. Ne4+ Ke5
38. Nbc5 Bc6 39. Nxa6 Bxe4 40. dxe4 Kxe4 41. Nc7 e5 42. Nxb5 f5 43. Nd6+
Kf4 44. b4 e4 45. b5 e3 46. Kc1 Kf3 47. Nxf5 e2 48. Nd4+ Kf2 49. Nxe2 Kxe2
50. b6 { Black resigns } 1-0

[Event "ICC tourney 2556 (25 5)"]
[Site "Internet Chess Club"]
[Date "2021.05.09"]
[Round "7"]
[White "CHIU DOAN, EMILYN:K05-15928816"]
[Black "CHEN, LAFAYETTE:K05-16910808"]
[Result "1/2-1/2"]
[ICCResult "White stalemated"]
[WhiteElo "1078"]
[BlackElo "1483"]
[Opening "Sicilian: Alapin's variation (2.c3)"]
[ECO "B22"]
[NIC "SI.47"]
[Time "15:31:03"]
[PlyCount "110"]
[TimeControl "1500+5"]

1. e4 c5 2. c3 Nf6 3. e5 Nd5 4. d4 cxd4 5. cxd4 d6 6. Nf3 Nc6 7. Nc3 dxe5
8. dxe5 Nxc3 9. Qxd8+ Nxd8 10. bxc3 Bd7 11. Bc4 g6 12. O-O Bg7 13. Re1 O-O
14. Nd4 Nc6 15. e6 fxe6 16. Nxe6 Bxe6 17. Bxe6+ Kh8 18. Bb2 Nb4 19. Red1
Rad8 20. Rxd8 Rxd8 21. g3 Rd2 22. cxb4 Bxb2 23. Re1 Bd4 24. Rf1 Kg7 25. Bb3
Kf6 26. Kg2 e5 27. Kf3 h5 28. h3 Rb2 29. b5 b6 30. Bc4 Rb4 31. Rc1 Rb2 32.
Rf1 Rc2 33. Bb3 Rc5 34. Ba4 Rc4 35. Bd1 Rb4 36. Be2 Rb2 37. Bc4 Bc5 38. Kg2
e4 39. Kg1 g5 40. Bd5 Ke5 41. Bf7 h4 42. gxh4 gxh4 43. Bb3 Kf4 44. Kg2 e3
45. Bd5 e2 46. Re1 Bb4 47. Rxe2 Rxe2 48. Bc4 Rd2 49. Kg1 Bc5 50. Kh1 Rxf2
51. Kg1 Kg3 52. a4 Rc2+ 53. Kf1 Rxc4 54. a5 Re4 55. a6 Bf2 { White
stalemated } 1/2-1/2

[Event "ICC tourney 2556 (25 5)"]
[Site "Internet Chess Club"]
[Date "2021.05.09"]
[Round "7"]
[White "GU LIN, BENJAMIN:K05-15976160"]
[Black "KONDABATHINI, NAMISH:K05-16992657"]
[Result "0-1"]
[ICCResult "White resigns"]
[WhiteElo "1496"]
[BlackElo "1076"]
[Opening "Caro-Kann: classical variation"]
[ECO "B18"]
[NIC "CK.10"]
[Time "15:31:12"]
[PlyCount "96"]
[TimeControl "1500+5"]

1. e4 c6 2. d4 d5 3. Nc3 dxe4 4. Nxe4 Bf5 5. Ng3 Bg6 6. Nf3 Nf6 7. Ne5 e6
8. Nxg6 hxg6 9. Bd3 Bd6 10. Ne4 Nxe4 11. Bxe4 Nd7 12. Be3 Qe7 13. Qd2 Bb4
14. c3 Bd6 15. h3 Nf6 16. Bc2 a6 17. O-O-O O-O-O 18. Bd3 e5 19. dxe5 Bxe5
20. Rhe1 Qc7 21. Qc2 Bf4 22. Bxf4 Qxf4+ 23. Kb1 Rhe8 24. Rxe8 Rxe8 25. g3
Qc7 26. Bc4 Kb8 27. Qb3 Re7 28. Bxa6 Ne4 29. Bc4 Nxf2 30. Rf1 Ne4 31. Qc2
Nxg3 32. Rg1 Ne4 33. Re1 Qg3 34. Rd1 Qe3 35. Qh2+ Ka7 36. Rd8 Nxc3+ 37.
bxc3 Qb6+ 38. Kc2 Qxd8 39. Qf2+ Qb6 40. Qd2 Qc5 41. Bb3 Qe3 42. Qd8 Qe2+
43. Kb1 Qf1+ 44. Kb2 Re2+ 45. Bc2 Qf5 46. Ka3 Rxc2 47. Qd4+ b6 48. Qa4+ Qa5
{ White resigns } 0-1

[Event "ICC tourney 2556 (25 5)"]
[Site "Internet Chess Club"]
[Date "2021.05.09"]
[Round "7"]
[White "BHATTACHARJEE, RIJU:K05-16538876"]
[Black "OWUSU BOAKYE, KWAME:K05-30105948"]
[Result "0-1"]
[ICCResult "White checkmated"]
[WhiteElo "1270"]
[BlackElo "713"]
[Opening "Sicilian defense"]
[ECO "B30"]
[NIC "SI.31"]
[Time "15:30:49"]
[PlyCount "118"]
[TimeControl "1500+5"]

1. e4 c5 2. Nf3 Nc6 3. Bc4 e6 4. O-O Be7 5. d4 cxd4 6. Nxd4 Nf6 7. Nc3 O-O
8. f4 b6 9. e5 Ne8 10. Ndb5 Bc5+ 11. Kh1 f6 12. Nd6 fxe5 13. f5 Nxd6 14.
Bb3 Nxf5 15. Ne4 Be3 16. Bxe3 Nxe3 17. Rxf8+ Qxf8 18. Qe2 Nf5 19. c3 d5 20.
Nd2 Qf6 21. Rf1 Qh4 22. Kg1 a5 23. g3 Qg5 24. Kh1 Ba6 25. c4 dxc4 26. Nxc4
Qh6 27. Qg2 Bb7 28. Rxf5 Nd8 29. Rxe5 Bxg2+ 30. Kxg2 Nc6 31. Re1 b5 32. Ne3
Ne5 33. Kh1 Nf3 34. Re2 Nxh2 35. Nf5 Qh3 36. Bxe6+ Kf8 37. Nd4 Qf1+ 38.
Kxh2 Rd8 39. Bh3 Qd1 40. Ne6+ Kg8 41. Nf4 Rd2 42. Be6+ Kf8 43. Bg4 Rxe2+
44. Bxe2 Qd2 45. Kh3 g5 46. Ne6+ Ke7 47. Bg4 h5 48. Bxh5 Kxe6 49. Bg4+ Kf6
50. b3 Qxa2 51. Bf3 Qxb3 52. Bg2 a4 53. Kh2 a3 54. g4 a2 55. Bh1 a1=Q 56.
Bg2 Qab2 57. Kh1 Qd1+ 58. Kh2 Qxg4 59. Kh1 Qbxg2# { White checkmated } 0-1

[Event "ICC tourney 2556 (25 5)"]
[Site "Internet Chess Club"]
[Date "2021.05.09"]
[Round "7"]
[White "NIMMAGADDA, SIDDHARTH:K05-16320710"]
[Black "VARMA, ISHAN:K05-16055185"]
[Result "0-1"]
[ICCResult "White checkmated"]
[WhiteElo "644"]
[BlackElo "931"]
[Opening "Four knights: double Ruy Lopez"]
[ECO "C49"]
[NIC "KP.03"]
[Time "15:30:44"]
[PlyCount "162"]
[TimeControl "1500+5"]

1. e4 e5 2. Nf3 Nf6 3. Nc3 Nc6 4. Bb5 Bb4 5. d3 d6 6. O-O h6 7. h3 Bxc3 8.
bxc3 Bd7 9. Bxc6 Bxc6 10. Qe2 O-O 11. Bd2 Re8 12. Rfe1 Qe7 13. Nh4 Bd7 14.
Qf3 Ng4 15. Nf5 Bxf5 16. hxg4 Bd7 17. Re3 Qe6 18. Qh3 Qxg4 19. Qxg4 Bxg4
20. Rg3 h5 21. f3 Be6 22. Rf1 Bxa2 23. Bh6 Kh7 24. Bxg7 Rg8 25. c4 Bb3 26.
cxb3 Rxg7 27. Rxg7+ Kxg7 28. f4 Kg6 29. fxe5 dxe5 30. Kh2 Rd8 31. Rf3 Rf8
32. Rg3+ Kh6 33. b4 Rd8 34. b5 a6 35. bxa6 bxa6 36. Re3 a5 37. Kg1 Rb8 38.
Rf3 Rf8 39. Rf6+ Kg5 40. Rf5+ Kg4 41. Rxe5 Ra8 42. Rb5 a4 43. Rb1 Kf4 44.
Kf2 Ke5 45. Ke3 f5 46. exf5 Kxf5 47. d4 Re8+ 48. Kf3 c6 49. Ra1 Ra8 50. d5
cxd5 51. cxd5 Ke5 52. d6 Kxd6 53. Kf4 Ra5 54. Rd1+ Kc5 55. Ke3 Kc4 56. Rc1+
Kb3 57. Kd2 Rd5+ 58. Ke3 a3 59. Rb1+ Kc2 60. Ra1 Kb2 61. Rh1 Rf5 62. Ke4
Rf2 63. g3 a2 64. Ke3 Rf6 65. Rh2+ Kb3 66. Rh1 Ra6 67. Kf4 a1=Q 68. Rxa1
Rxa1 69. Kg5 Rg1 70. Kh4 Kc4 71. Kh3 Kd3 72. Kh2 Rb1 73. Kh3 Ke3 74. Kh4
Kf3 75. Kxh5 Kxg3 76. Kg6 Kf4 77. Kh5 Rg1 78. Kh6 Kf5 79. Kh7 Kf6 80. Kh8
Kf7 81. Kh7 Rh1# { White checkmated } 0-1

[Event "ICC tourney 2556 (25 5)"]
[Site "Internet Chess Club"]
[Date "2021.05.09"]
[Round "7"]
[White "LIN, JULIAN:K05-15856697"]
[Black "MOORHOUSE, WILL:K05-30059498"]
[Result "0-1"]
[ICCResult "White resigns"]
[WhiteElo "1648"]
[BlackElo "1352"]
[Opening "Sicilian: Alapin's variation (2.c3)"]
[ECO "B22"]
[NIC "SI.47"]
[Time "15:30:57"]
[PlyCount "118"]
[TimeControl "1500+5"]

1. e4 c5 2. c3 Nf6 3. e5 Nd5 4. d4 cxd4 5. Nf3 e6 6. cxd4 Bb4+ 7. Bd2 Bxd2+
8. Nbxd2 O-O 9. Bd3 d6 10. Ne4 dxe5 11. Nxe5 Nb4 12. Bb1 N8c6 13. Qh5 h6
14. Nxc6 Nxc6 15. O-O Qxd4 16. Nc3 e5 17. Rd1 Qg4 18. Qxg4 Bxg4 19. f3 Be6
20. Be4 Rfd8 21. Nb5 a6 22. Nc7 Rac8 23. Nxe6 fxe6 24. Rac1 Rxd1+ 25. Rxd1
Rd8 26. Rxd8+ Nxd8 27. Kf2 Kf7 28. Ke3 Ke7 29. Kd3 Kd6 30. b4 Nc6 31. a3 b5
32. Bxc6 Kxc6 33. Ke4 Kd6 34. g4 g5 35. h3 Kd7 36. Kxe5 Ke7 37. Ke4 Kd6 38.
f4 gxf4 39. Kxf4 Kd5 40. Ke3 Ke5 41. h4 Kd5 42. h5 Ke5 43. Kf3 Kf6 44. Kf4
e5+ 45. Ke3 Kg5 46. Kf3 e4+ 47. Kxe4 Kxg4 48. Kd5 Kxh5 49. Kc6 Kg4 50. Kb6
h5 51. Kxa6 h4 52. a4 bxa4 53. b5 a3 54. b6 a2 55. b7 a1=Q+ 56. Kb6 Qb1+
57. Kc6 h3 58. Kc7 Qxb7+ 59. Kxb7 h2 { White resigns } 0-1

[Event "ICC tourney 2556 (25 5)"]
[Site "Internet Chess Club"]
[Date "2021.05.09"]
[Round "7"]
[White "GUDAVALLI, SAATVIK:K05-16242267"]
[Black "YUEDUO XU, ANDY:K05-16732301"]
[Result "1-0"]
[ICCResult "Black checkmated"]
[WhiteElo "962"]
[BlackElo "1438"]
[Opening "Sicilian: O'Kelly variation"]
[ECO "B28"]
[NIC "SI.43"]
[Time "15:30:53"]
[PlyCount "131"]
[TimeControl "1500+5"]

1. e4 c5 2. Nf3 a6 3. d4 cxd4 4. Nxd4 Nf6 5. Nc3 e5 6. Nf3 Bb4 7. Bd3 d5 8.
Nxe5 Qe7 9. Nf3 dxe4 10. O-O Bxc3 11. bxc3 exd3 12. Re1 Be6 13. cxd3 O-O
14. d4 Qc7 15. Qc2 h6 16. Be3 Nbd7 17. Rad1 Rac8 18. Bd2 Nd5 19. Rc1 N7b6
20. Ne5 Nc4 21. Kh1 Nxd2 22. Qxd2 Rfe8 23. c4 Nf6 24. Qd3 Ng4 25. Nxg4 Bxg4
26. h3 Rxe1+ 27. Rxe1 Bd7 28. Re7 Qd6 29. Re5 Be6 30. c5 Qd7 31. a3 Qb5 32.
Qf3 Qb3 33. Re3 Qd5 34. Qf4 Rd8 35. Rd3 Qc6 36. Qh4 Rc8 37. Rg3 Kh8 38. Qf4
b6 39. Qe5 Rg8 40. Re3 bxc5 41. dxc5 Rc8 42. Re4 Qxc5 43. Qf4 Qc1+ 44. Qxc1
Rxc1+ 45. Kh2 Ra1 46. Ra4 Bc8 47. g4 Kh7 48. Kg3 Kg6 49. Rc4 Be6 50. Ra4
Bc8 51. Rc4 Bb7 52. Rc7 Rxa3+ 53. Kh2 Rb3 54. Rc4 Rf3 55. Rc2 a5 56. Rb2
Ba8 57. Rb6+ f6 58. Rb2 a4 59. h4 a3 60. Ra2 Bd5 61. Ra1 a2 62. Kg2 Rb3+
63. Kh2 Rb1 64. h5+ Kg5 65. Kg3 Rxa1 66. f4# { Black checkmated } 1-0

[Event "ICC tourney 2556 (25 5)"]
[Site "Internet Chess Club"]
[Date "2021.05.09"]
[Round "7"]
[White "CHANG LIU, ERIC:K05-16650666"]
[Black "J WANG, ALEXANDER:K05-15983386"]
[Result "0-1"]
[ICCResult "White resigns"]
[WhiteElo "2046"]
[BlackElo "2124"]
[Opening "Sicilian: dragon, Yugoslav attack, 10.O-O-O"]
[ECO "B78"]
[NIC "SI.18"]
[Time "15:30:27"]
[PlyCount "74"]
[TimeControl "1500+5"]

1. e4 c5 2. Nf3 d6 3. d4 cxd4 4. Nxd4 Nf6 5. Nc3 g6 6. f3 Bg7 7. Be3 O-O 8.
Qd2 Nc6 9. Bc4 Bd7 10. O-O-O Rc8 11. Bb3 Ne5 12. h4 h5 13. g4 hxg4 14. h5
Nxh5 15. Nd5 e6 16. Nf4 Nxf4 17. Bxf4 Re8 18. Bh6 Qf6 19. Bxg7 Qxg7 20. Rh4
Nxf3 21. Nxf3 gxf3 22. Rdh1 Qe5 23. Rh7 Rc5 24. Kb1 Kf8 25. Qh6+ Ke7 26.
Qxg6 Qf6 27. Qg3 f2 28. Rf1 Rg5 29. Qh2 Rg1 30. Bc4 Rxf1+ 31. Bxf1 Rg8 32.
a3 Rg1 33. Qh3 Bb5 34. Ka2 Rxf1 35. Qb3 Ra1+ 36. Kxa1 f1=Q+ 37. Ka2 Bc4 {
White resigns } 0-1